 Dungeon Crawl Stone Soup version 0.20.0-4-g10b340a (webtiles) character file.

219 Gorglomux the Insei (level 5, -4/41 HPs)
             Began as a Merfolk Transmuter on May 27, 2017.
             Slain by a bullfrog (5 damage)
             ... on level 3 of the Dungeon.
             The game lasted 00:05:22 (3430 turns).

Gorglomux the Insei (Merfolk Transmuter)            Turns: 3430, Time: 00:05:22

Health: -4/41      AC:  3    Str: 10    XL:     5   Next: 96%
Magic:  4/8        EV: 13    Int: 13    God:
Gold:   108        SH:  4    Dex: 15    Spells: 5/8 levels left

rFire    . . .     SeeInvis .     - Unarmed
rCold    . . .     Gourm    .   v - +0 buckler
rNeg     . . .     Faith    .   b - +0 robe
rPois    .         Spirit   .   (no helmet)
rElec    .         Reflect  .   (no cloak)
rCorr    .         Harm     .   x - +0 pair of gloves
MR       .....                  (no boots)
Stlth    +.........             (no amulet)
Regen    0.2/turn               (no ring)
MPRegen  0.2/turn               (no ring)

@: very slightly contaminated
A: change form in water, swift swim, stealthy swim
a: no special abilities


You were on level 3 of the Dungeon.
You were not hungry.

You visited 1 branch of the dungeon, and saw 3 of its levels.

You collected 108 gold pieces.

Inventory:

Missiles
 a - 66 arrows
Armour
 b - a +0 robe (worn)
 v - a +0 buckler (worn)
 x - a +0 pair of gloves (worn)
Scrolls
 g - a scroll of fear
 j - 2 scrolls of fog {unknown}
 n - a scroll of magic mapping {unknown}
 s - 4 scrolls of teleportation {unknown}
 t - a scroll of enchant armour {unknown}
 y - 2 scrolls of enchant weapon {unknown}
 C - a scroll of noise {unknown}
 R - a scroll of identify
Potions
 i - a potion of heal wounds
 m - a potion of mutation {!q}
 o - a potion of flight
 q - a potion of lignification {unknown}
 r - a potion of agility {unknown}
 B - a potion of haste {unknown}
Books
 c - a book of Changes

   Spells                             Type                      Level
   a - Beastly Appendage              Transmutation                1
   b - Sticks to Snakes               Transmutation                2
   c - Spider Form                    Transmutation/Poison         3
   d - Ice Form                       Ice/Transmutation            4
   e - Blade Hands                    Transmutation                5
Comestibles
 d - a bread ration
 k - a royal jelly
 z - a meat ration


   Skills:
 + Level 3.2 Fighting
 - Level 3.6 Dodging
 + Level 2.4 Shields
 + Level 5.1 Unarmed Combat
 - Level 2.0 Spellcasting
 - Level 2.6 Transmutations


You had 5 spell levels left.
You knew the following spells:

 Your Spells              Type           Power        Failure   Level  Hunger
a - Beastly Appendage     Tmut           #.....       11%         1    ##.....
b - Sticks to Snakes      Tmut           #.......     16%         2    ###....


Dungeon Overview and Level Annotations

Branches:
Dungeon (3/15)

Altars:
Ashenzari


Message History

You block the goblin's attack.
You punch the bullfrog!
The bullfrog is heavily wounded.
Your adder bites the bullfrog.
The bullfrog is poisoned.
Your adder poisons the bullfrog!
The bullfrog hits your adder. The goblin closely misses you.
You miss the bullfrog.
The bullfrog is heavily wounded.
Your horns disappear.
Your adder bites the bullfrog.
The bullfrog hits you!
* * * LOW HITPOINT WARNING * * *
Your adder bites the bullfrog.
The bullfrog looks even sicker.
Your adder poisons the bullfrog!
The bullfrog hits you.
* * * LOW HITPOINT WARNING * * *
The goblin hits you with a dagger.
* * * LOW HITPOINT WARNING * * *
Unknown command.
The goblin barely misses your adder. The bullfrog hits you.
You die...

.....# ###..###.#
#. .........#
##.## .#...###.#
....# ......# ...#
##...## #..#
###..# ..# (....#
#.# ###.## #@##
#.# #F.# #.#
#########S## #.#
#(......#gg# #.#
#)......g..# #.#
#$.....$#..#
#.###.#########..#
#......+ #.[.#
##.###..# #...#


You could see a bullfrog, a hobgoblin, a goblin and a friendly adder.

Vanquished Creatures
  An orc wizard (D:3)
  Terence (D:3)
  7 adders
  An ooze (D:3)
  2 worms
  4 leopard geckos
  9 orcs (D:3)
  A ball python (D:2)
  9 bats
  7 giant cockroaches
  5 goblins
  6 hobgoblins
  5 jackals
  10 kobolds
  A quokka (D:2)
  6 rats
75 creatures vanquished.

Vanquished Creatures (collateral kills)
  A worm (D:2)
1 creature vanquished.

Grand Total: 76 creatures vanquished

Notes
Turn   | Place    | Note
-------+----------+-------------------------------------------
     0 | D:1      | Gorglomux the Merfolk Transmuter began the quest for the Orb.
     0 | D:1      | Reached XP level 1. HP: 15/15 MP: 3/3
    77 | D:1      | Reached XP level 2. HP: 13/21 MP: 5/5
   332 | D:1      | Learned a level 2 spell: Sticks to Snakes
   365 | D:1      | Reached skill level 3 in Dodging
   440 | D:1      | Reached skill level 4 in Unarmed Combat
   855 | D:1      | Reached XP level 3. HP: 21/27 MP: 4/6
   984 | D:2      | Found a shattered altar of Ashenzari.
  1301 | D:2      | Found a faded altar of an unknown god.
  1482 | D:2      | Reached XP level 4. HP: 17/33 MP: 4/7
  2099 | D:3      | Reached skill level 1 in Shields
  2163 | D:3      | Noticed Terence
  2178 | D:3      | Killed Terence
  2314 | D:3      | Reached XP level 5. HP: 40/40 MP: 6/8
  2778 | D:3      | Reached skill level 3 in Fighting
  2853 | D:3      | Reached skill level 5 in Unarmed Combat
  3428 | D:3      | HP: 1/41 [goblin/dagger (3)]
  3430 | D:3      | Slain by a bullfrog

Skill      XL: |  1  2  3  4  5 |
---------------+----------------+-----
Dodging        | 3 |  3.6
Unarmed Combat | 4 5 |  5.1
Fighting       | 2 3 |  3.2
Shields        | 1 2 |  2.4
Spellcasting   | |  2.0
Transmutations | |  2.6

Action                   |  1- 3 |  4- 6 || total
-------------------------+-------+-------++-------
Melee: Unarmed           |   106 |   193 ||   299
       Headbutt          |     6 |    26 ||    32
       Punch             |     2 |       ||     2
 Cast: Beastly Appendage |     7 |    20 ||    27
       Sticks to Snakes  |     2 |     2 ||     4
  Use: Scroll            |       |     4 ||     4
 Stab: Sleeping          |       |     1 ||     1
  Eat: Chunk             |     1 |     8 ||     9
Armor: Robe              |    26 |    29 ||    55
Dodge: Dodged            |    94 |   123 ||   217
Block: Buckler           |       |    29 ||    29
